 Dungeon Crawl Stone Soup version 0.23.2-1-ga50397a (webtiles) character file.

Game seed: 7252839887452708764

76 MalarOregon the Grave Robber (level 4, 0/33 HPs)
             Began as a Ghoul Necromancer on May 26, 2019.
             Slain by Terence
             ... wielding a +1 mace of crushing
              (1 damage)
             ... on level 3 of the Dungeon.
             The game lasted 00:03:49 (1684 turns).

MalarOregon the Grave Robber (Ghoul Necromancer)    Turns: 1684, Time: 00:03:50

Health: 0/33       AC:  4    Str: 11    XL:     4   Next: 32%
Magic:  0/6        EV: 12    Int: 11    God:
Gold:   61         SH:  0    Dex:  9    Spells: 4/8 levels left

rFire    . . .     SeeInvis .   q - +3 spear (pierce)
rCold    + . .     Gourm    .   (no shield)
rNeg     + + +     Faith    .   a - +0 robe
rPois    ∞         Spirit   .   p - +0 helmet
rElec    .         Reflect  .   (no cloak)
rCorr    .         Harm     .   k - +0 pair of gloves
MR       .....                  (no boots)
Stlth    ++........             (no amulet)
HPRegen  0.00/turn              (no ring)
MPRegen  0.10/turn              (no ring)

@: very slightly contaminated, rotting
A: rotting body, claws 1, carnivore, cold resistance 1, negative energy
resistance 3, inhibited regeneration, torment resistance, unbreathing
a: no special abilities


You were on level 3 of the Dungeon.
You were not hungry.

You visited 1 branch of the dungeon, and saw 3 of its levels.

You collected 61 gold pieces.

Inventory:

Hand Weapons
 q - a +3 spear of piercing (weapon)
   (You took it off Robin on level 2 of the Dungeon)
Armour
 a - a +0 robe (worn)
 k - a +0 pair of gloves (worn)
   (You found it on level 2 of the Dungeon)
 p - a +0 helmet (worn)
   (You found it on level 2 of the Dungeon)
Scrolls
 b - 4 scrolls of identify {unknown}
 c - 3 scrolls of remove curse {@r2}
 f - a scroll of random uselessness {unknown}
 n - 2 scrolls of blinking {unknown}
 o - a scroll of fog {unknown}
Potions
 d - a potion of brilliance {unknown}
 i - a potion of heal wounds {unknown}
 j - a potion of degeneration {unknown}
 l - a potion of curing {unknown}
 m - a potion of haste {unknown}
Comestibles
 e - 5 rations {!d}
 g - 13 chunks of flesh


   Skills:
 - Level 2.0 Dodging
 + Level 3.4 Stealth
 + Level 2.5 Spellcasting
 + Level 4.5 Necromancy


You had 4 spell levels left.
You knew the following spells:

 Your Spells              Type           Power        Failure   Level  Hunger
a - Pain                  Necr           ##..         4%          1    ##.....
q - Vampiric Draining     Necr           ##........   13%         3    ####...

Your spell library contained the following spells:

 Spells                   Type           Power        Failure   Level  Hunger
 Animate Skeleton         Necr           N/A          4%          1    ##.....
 Regeneration             Chrm/Necr      #.........   32%         3    ####...
 Animate Dead             Necr           N/A          38%         4    #####..


Dungeon Overview and Level Annotations

Branches:
Dungeon (3/15)

Altars:
Vehumet

Annotations:
D:3 Terence


Innate Abilities, Weirdness & Mutations

Your body is rotting away.
You thrive on raw meat.
You are immune to poison.
You have sharp fingernails.
You are carnivorous and can eat meat at any time.
Your flesh is cold resistant. (rC+)
You are immune to negative energy. (rN+++)
You do not regenerate when monsters are visible.
You are immune to unholy pain and torment.
You can survive without breathing.


Message History

A frilled lizard comes into view.
The frilled lizard hisses angrily.
There are monsters nearby!
There are monsters nearby!
Attack whom?
Aim: an orc, wielding a +0 flail You reach to attack!
You hit the orc. You closely miss the orc. The orc misses you.
You closely miss the orc. The orc hits you but does no damage.
You closely miss the orc. The orc misses you.
You hit the orc. The frilled lizard misses you.
The orc hits you with a +0 flail!
You closely miss the orc.
Terence the Incautious comes into view.
He is wielding a +1 mace of crushing and carrying a wand of flame (25).
The frilled lizard barely misses you. The orc barely misses you.
You miss the frilled lizard.
Terence shouts!
The frilled lizard misses you.
You hit the frilled lizard.
You kill the frilled lizard!
You hit the orc.
You kill the orc!
Terence zaps a wand.
The puff of flame hits you!
* * * LOW HITPOINT WARNING * * *
Things that are here:
a +0 flail; a frilled lizard corpse Terence zaps a wand.
The puff of flame hits you.
* * * LOW HITPOINT WARNING * * *
Unknown command.
Aim: Terence, wielding a +1 mace of crushing, wearing a +0 scale mail and carrying a wand of flame (23)
You feel life coursing into your body.
Terence says, "Time to say good-bye..."
Terence zaps a wand.
The puff of flame misses you.
Aim: Terence, wielding a +1 mace of crushing, wearing a +0 scale mail and carrying a wand of flame (22) (moderately wounded)
You miscast Vampiric Draining.
You are very lightly contaminated with residual magic.
Pain shoots through your body. Terence closely misses you.
You closely miss Terence.
Terence hits you with a +1 mace of crushing.
* * * LOW HITPOINT WARNING * * *
* * * LOW HITPOINT WARNING * * *
Okay, then.
As you read the scroll labeled ENAORE OKLU, it crumbles to dust.
You feel blessed for a moment.
It was a scroll of remove curse.
Terence hits you with a +1 mace of crushing!
* * * LOW HITPOINT WARNING * * *
You die...

### #####
#.#####.#######.#.
#......<.........
#.#####.#######.# #
# ###.##
###.#.#....
#....####.)@@...#
#......##.#.#......
#.#<......#.# .....
#.#########.# ....
#. ... ... # #.# ##
... ...


You could see Terence.

Vanquished Creatures
  Robin (D:2)
  An adder (D:2)
  An ooze (D:1)
  A dart slug (D:1)
  A leopard gecko (D:1)
  An orc (D:3)
  7 bats
  16 goblins
  7 hobgoblins
  3 frilled lizards
  5 kobolds
  A rat (D:1)
45 creatures vanquished.

Notes
Turn   | Place    | Note
-------+----------+-------------------------------------------
     0 | D:1      | MalarOregon the Ghoul Necromancer began the quest for the
                  | Orb.
     0 | D:1      | Reached XP level 1. HP: 14/14 MP: 2/2
   177 | D:1      | Reached XP level 2. HP: 14/20 MP: 3/3
   593 | D:1      | Reached XP level 3. HP: 26/26 MP: 3/5
   598 | D:1      | Learned a level 3 spell: Vampiric Draining
  1440 | D:2      | Noticed Robin
  1487 | D:2      | Killed Robin
  1487 | D:2      | Reached XP level 4. HP: 19/32 MP: 2/6
  1587 | D:2      | Found a radiant altar of Vehumet.
  1674 | D:3      | Noticed Terence
  1684 | D:3      | HP: 1/33 [Terence/+1 mace of crushing (8)]
  1684 | D:3      | Slain by Terence

Skill      XL: |  1  2  3 |
---------------+----------+-----
Dodging        | 2 |  2.0
Spellcasting   | 2 |  2.5
Stealth        | 3 |  3.4
Necromancy     | |  4.5

Action                   |  1- 3 |  4- 6 || total
-------------------------+-------+-------++-------
Melee: Unarmed           |    36 |       ||    36
       Dagger            |    72 |    38 ||   110
       Spear             |       |    15 ||    15
 Cast: Pain              |    24 |       ||    24
       Vampiric Draining |       |     3 ||     3
  Use: Scroll            |       |     1 ||     1
 Stab: Sleeping          |     1 |       ||     1
  Eat: Chunk             |     3 |     3 ||     6
Armor: Robe              |    34 |    13 ||    47
Dodge: Dodged            |    92 |    33 ||   125
